AoeStats
← leonor22

Nomad

510331594Analyzed
3v3 RM · 20h ago on Sep 30, 2026· 33m 32s· 6 players
Game mode
Random Map
Map size
210×210
Population
200
Speed
Normal
Resources
Standard
Victory
Conquest
Starting age
Dark Age
Ending age
Imperial Age
RankedLock teamsTeams togetherTeam positionsShared explorationLock speedFull tech treeHidden civsTurbo modeCheats
Victory
Defeat
🇦🇺 Koreans · Australia
1187
+11
🇭🇰 Khmer · Hong Kong SAR China
1182
+11
🇨🇴 Vikings · Colombia
1170
+12
🇨🇴 Bengalis · Colombia
1125
-13
🇨🇴 Spanish · Colombia
1110
-13
🇨🇴 Celts · Colombia
984
-8
sEA-
14:33 Feudal Age
14:35 Loom
17:15 Castle Age
16:07 Horse Collar
16:13 Double-Bit Axe
17:21 Gold Mining
17:32 Fletching
18:04 Town Watch
23:57 Stone Mining
27:36 Light Cavalry
28:55 Ballistics
31:20 Bodkin Arrow
oscaramba
5:05 Loom
13:11 Feudal Age
18:56 Castle Age
17:14 Fletching
17:30 Double-Bit Axe
20:09 Horse Collar
23:56 Bodkin Arrow
27:32 Ballistics
36:18 Imperial Age
democracy manifest
4:58 Loom
13:11 Feudal Age
15:08 Double-Bit Axe
18:39 Castle Age
19:57 Bow Saw
20:04 Horse Collar
23:27 Fletching
25:00 Heavy Plow
28:33 Wheelbarrow
28:43 Stone Mining
28:45 Gold Mining
30:17 Crossbowman
31:03 Thumb Ring
32:08 Thumb Ring
34:00 Bodkin Arrow
Ctrl Gio
8:27 Loom
12:22 Feudal Age
13:21 Double-Bit Axe
14:08 Gold Mining
17:28 Forging
17:54 Fishing Lines
24:40 Castle Age
23:59 Padded Archer Armor
25:20 Bloodlines
25:04 Fletching
28:24 Gillnets
29:05 Bodkin Arrow
32:25 Town Watch
leonor22
5:41 Loom
15:57 Feudal Age
21:14 Castle Age
19:53 Double-Bit Axe
21:20 Stone Mining
22:03 Horse Collar
24:10 Town Watch
27:56 Scale Mail Armor
28:31 Forging
30:08 Iron Casting
AndGio1
2:56 Loom
12:55 Feudal Age
17:17 Double-Bit Axe
21:09 Castle Age
27:01 Fishing Lines
29:12 Padded Archer Armor
29:03 Fletching
Connection lost

Rejoining the realm…

Still unreachable

The connection could not be restored.

Session expired

The server has moved on; the page needs a fresh start.